 Dungeon Crawl Stone Soup version 0.30.0-19-g36f170ea60 (webtiles) character file.

Game seed: 12453294749554317876

10248 Graphine the Spear-Bearer (level 11, -1/101 HPs)
             Began as a Merfolk Monk on May 29, 2023.
             Was an Initiate of Ashenzari.
             Shot with an arrow by a centaur warrior (21 damage)
             ... on level 10 of the Dungeon.
             The game lasted 00:38:42 (9050 turns).

Graphine the Spear-Bearer (Merfolk Monk)            Turns: 9050, Time: 00:38:42

Health: -1/101     AC: -3    Str: 15    XL:     11   Next: 59%
Magic:  18/18      EV: 18    Int: 15    God:    Ashenzari [......]
Gold:   337        SH:  0    Dex: 18    Spells: 20/20 levels left

rFire   . . .        s - +4 trident
rCold   + . .        (no shield)
rNeg    . . .        a - +0 ring mail {Will+}
rPois   .            (no helmet)
rElec   .            g - +0 cloak
rCorr   .            k - +0 pair of gloves
SInv    .            r - +1 pair of boots
Will    +....        j - amulet of regeneration
Stlth   +            y - ring of protection from cold
HPRegen 1.16/turn    p - +6 ring of intelligence
MPRegen 0.16/turn

%: no passive effects
@: mighty, about to teleport, corroded
A: (nimble swimmer 2), mertail, robust 1, subdued magic 1
a: Renounce Religion, Curse Item


You were on level 10 of the Dungeon.
You worshipped Ashenzari.
Ashenzari was noncommittal.
You visited 2 branches of the dungeon, and saw 11 of its levels.
You also visited: Ossuary.

You collected 337 gold pieces.

Inventory:

Hand Weapons
 e - a +1 trident
 s - a +4 trident (weapon)
 C - a +4 scimitar of freezing
Armour
 a - a +0 ring mail of willpower (worn)
 b - a +0 robe
 d - an orb of light
 g - a +0 cloak (worn)
 k - a +0 pair of gloves (worn)
 r - a +1 pair of boots (worn)
Magical Staves
 f - a staff of conjuration
 v - a staff of fire
Jewellery
 h - a ring of magical power
 j - an amulet of regeneration (around neck)
 p - a +6 ring of intelligence (right hand)
 y - a ring of protection from cold (left hand)
 A - an amulet of reflection
 B - an amulet of guardian spirit
Scrolls
 n - a scroll of amnesia
 q - a scroll of identify
 u - a scroll of fear
 x - 4 scrolls of teleportation
 E - a scroll of fog
Potions
 c - 2 potions of ambrosia
 i - a potion of magic
 l - 3 potions of brilliance
 o - a potion of lignification
 t - 3 potions of cancellation
 z - 3 potions of degeneration
 F - a potion of attraction


   Skills:
 * Level 10.9 Fighting
 * Level 12.9 Polearms
 * Level 12.9 Dodging
 - Level 5.0 Spellcasting
 - Level 6.0 Transmutations


You had 20 spell levels left.
You didn't know any spells.
Your spell library contained the following spells:

 Spells                   Type           Power      Damage    Failure   Level
 Kiss of Death            Conj/Necr      8%         2d6       28%         1
 Confusing Touch          Hex            2%         N/A       63%         3
 Inner Flame              Hex/Fire       2%         N/A       63%         3
 Stone Arrow              Conj/Erth      4%         3d7       63%         3
 Animate Armour           Summ/Erth      4%         N/A       96%         4
 Dispel Undead            Necr           2%         3d7       96%         4
 Flame Wave               Conj/Fire      2%         2d4       96%         4
 Sticky Flame             Conj/Fire      2%         2d3       96%         4
 Lehudib's Crystal Spear  Conj/Erth      1%         10d2      100%        8


Dungeon Overview and Level Annotations

Branches:
Dungeon (10/15)            Temple (1/1) D:7            Lair (0/5) D:10
Ossuary (visited)
    Orc: D:9-12

Altars:
Ashenzari
Cheibriados
Dithmenos
Elyvilon
Fedhas
Gozag
Hepliaklqana
Kikubaaqudgha
Makhleb
Nemelex Xobeh
Okawaru
Qazlal
Ru
Sif Muna
Trog
Uskayaw
Vehumet
Wu Jian
Xom
Yredelemnul
Zin
The Shining One

Shops:
D:4 (   D:10 *


Innate Abilities, Weirdness & Mutations

((You are very nimble when in or above water. (Stealth+, EV+, Speed+++)))
Your lower body shifts to a powerful aquatic tail in water.
You are robust. (+10% HP)
Your spells are a little easier to cast, but a little less powerful.


Message History

The splash of acid hits you!! The acid corrodes you!
You hear an angry buzzing noise.
You hear a shout!
You feel much better.
A centaur warrior comes into view.
You hit the acid dragon.
The acid dragon is lightly wounded.
The acid dragon closely misses you. x2
A wraith comes into view.
You hit the acid dragon.
The acid dragon is moderately wounded.
You puncture the acid dragon!
The acid dragon is severely wounded.
The acid dragon spits acid at you. The splash of acid hits you!!
The acid corrodes you!
You hear a bellow!
You feel very mighty all of a sudden. The acid dragon bites you.
The acid dragon closely misses you.
You puncture the acid dragon!
You kill the acid dragon!
The centaur warrior wields a +0 shortbow.
The centaur warrior shoots an arrow.
The arrow hits you!!
* * * LOW HITPOINT WARNING * * *
You hear an angry buzzing noise.
You are too injured to fight recklessly!
You are too injured to fight recklessly!
You are too injured to fight recklessly!
Reach: s) +4 trident
Press: ? - help, Dir - move target, f - centaur warrior
Aim: a centaur warrior, wielding a +0 shortbow (about 22% to evade your +4 trident)
You reach to attack!
You closely miss the centaur warrior.
You hear an angry hiss.
The centaur warrior shoots an arrow.
The arrow hits you!!
* * * LOW HITPOINT WARNING * * *
Nothing quivered!
You feel better.
The centaur warrior shoots an arrow.
The arrow barely misses you.
As you read the scroll of teleportation, it crumbles to dust.
You feel strangely unstable.
The centaur warrior shoots an arrow.
The arrow misses you.
The centaur warrior shoots an arrow.
The arrow hits you!!
You die...

?###. ....# ....#....#
#.....#.# ## #.......#
....#!D.# #.# ......WD# #.#
......#c# #.#
#######.###.## #@##...##
#.#.###.## ###..## ##.#
#....# #.# #### #.#..##
##.# #... #.#.#.###.#####
#.#.
.#######.#...........###.#.
.........#########.........
########.##........#######.


You could see a centaur warrior, a wraith and 2 acid dragons.

Vanquished Creatures
  A boulder beetle (D:8)
  A death yak (D:10)
  A two-headed ogre (D:7)
  Pikel (D:4)
  An elephant (D:10)
  A komodo dragon (D:10)
  An unseen horror zombie (D:9)
  A queen bee (D:8)
  A wraith (D:9)
  A wyvern (D:8)
  5 yaks
  2 basilisks (D:10)
  A steam dragon (D:9)
  2 acid dragons
  5 orc warriors
  2 water moccasins (D:8)
  A black bear (D:7)
  An ice beast (D:7)
  A centaur (D:8)
  A kobold brigand (D:9)
  3 gnoll sergeants
  4 bullfrogs
  13 scorpions
  13 wights
  13 killer bees
  7 howler monkeys
  7 centaur zombies
  3 hounds
  A gnoll bouda (D:8)
  3 human zombies (Ossuary)
  3 jellies
  4 orc priests
  3 iron imps (D:3)
  2 sleepcaps (D:7)
  5 orc wizards
  Natasha (twice) (D:3)
  4 iguanas
  9 scorpion zombies (Ossuary)
  3 mummies (Ossuary)
  2 howler monkey zombies (D:9)
  8 gnolls
  12 adders
  4 white imps
  4 ufetubi
  A worm (D:5)
  3 dart slugs
  17 orcs
  4 bats
  4 endoplasms
  4 giant cockroaches
  2 gnoll zombies (Ossuary)
  3 goblins
  4 hobgoblins
  4 jackals (D:1)
  4 kobolds
  4 quokkas
  6 ball pythons
  4 frilled lizards
  3 goblin zombies (Ossuary)
  3 kobold zombies (Ossuary)
  5 rats (D:1)
238 creatures vanquished.

Vanquished Creatures (collateral kills)
  A bullfrog (D:8)
  5 gnolls (D:8)
6 creatures vanquished.

Grand Total: 244 creatures vanquished

Notes
Turn   | Place    | Note
-------+----------+-------------------------------------------
     0 | D:1      | Graphine the Merfolk Monk began the quest for the Orb.
     0 | D:1      | Reached XP level 1. HP: 18/18 MP: 1/1
   169 | D:1      | Reached XP level 2. HP: 23/24 MP: 2/2
   339 | D:1      | Found a faded altar of an unknown god.
   558 | D:1      | Reached XP level 3. HP: 25/30 MP: 3/3
  1269 | D:2      | Reached skill level 1 in Transmutations
  1356 | D:2      | Reached XP level 4. HP: 29/37 MP: 5/5
  1947 | D:3      | Found a basalt altar of Yredelemnul.
  2036 | D:3      | Reached skill level 5 in Polearms
  2073 | D:3      | Gained mutation: Your spells are a little easier to cast,
                  | but a little less powerful. [potion of mutation]
  2073 | D:3      | Gained mutation: You are robust. (+10% HP) [potion of
                  | mutation]
  2254 | D:3      | Noticed Natasha
  2262 | D:3      | Killed Natasha
  2263 | D:3      | Reached skill level 5 in Dodging
  2263 | D:3      | Reached skill level 1 in Spellcasting
  2263 | D:3      | Reached XP level 5. HP: 12/46 MP: 6/6
  2569 | D:3      | Found an iron altar of Okawaru.
  2667 | D:3      | Noticed Natasha
  2672 | D:3      | Killed Natasha
  2721 | D:3      | Found a burning altar of Makhleb.
  2777 | D:3      | Reached XP level 6. HP: 41/53 MP: 8/8
  3262 | D:4      | Reached skill level 5 in Fighting
  3279 | D:4      | Found Gaitot's Antique Weapon Boutique.
  3424 | D:4      | Reached XP level 7. HP: 60/61 MP: 9/9
  3477 | D:4      | Noticed Pikel
  3530 | D:4      | Killed Pikel
  3531 | D:4      | Reached XP level 8. HP: 36/70 MP: 11/11
  3779 | D:5      | Entered Level 5 of the Dungeon
  4100 | D:5      | Found a sand-covered staircase.
  4110 | Ossuary  | Entered an ossuary
  4346 | Ossuary  | Reached XP level 9. HP: 79/79 MP: 13/13
  5673 | D:7      | Reached skill level 10 in Polearms
  5681 | D:7      | Reached skill level 10 in Dodging
  5791 | D:7      | Found a staircase to the Ecumenical Temple.
  5877 | D:7      | Reached XP level 10. HP: 72/90 MP: 16/16
  5968 | D:7      | Noticed a two-headed ogre
  5980 | D:7      | Killed a two-headed ogre
  6148 | Temple   | Entered the Ecumenical Temple
  6148 | Temple   | Found a transporter.
  6148 | Temple   | Found a transporter.
  6153 | Temple   | Found a transporter.
  6153 | Temple   | Found a transporter.
  6191 | Temple   | Became a worshipper of Ashenzari the Shackled
  6311 | D:8      | Noticed a boulder beetle
  6370 | D:8      | Killed a boulder beetle
  6371 | D:8      | Reached skill level 5 in Transmutations
  6743 | D:8      | Reached skill level 5 in Spellcasting
  7483 | D:8      | HP: 4/86 [wyvern (16)]
  7668 | D:9      | Reached skill level 10 in Fighting
  7668 | D:9      | Reached XP level 11. HP: 56/97 MP: 18/18
  7829 | D:8      | HP: 4/100 [orc warrior/+0 dire flail (11)]
  8655 | D:10     | Entered Level 10 of the Dungeon
  8655 | D:10     | Found Toguph's Assorted Antiques.
  8666 | D:10     | Found a staircase to the Lair.
  8666 | D:10     | Noticed a death yak
  8683 | D:10     | Killed a death yak
  9042 | D:10     | Noticed a centaur warrior
  9050 | D:10     | Shot with an arrow by a centaur warrior

Illustrated notes

Levels and vault maps discovered:
D:1:      wander_arrival_fairy_ring, layout_basic,
          chequers_ecumenical_altar_simple
D:2:      layout_loops_ring
D:3:      layout_basic, demons_altar, general_overflow_altar,
          mainiacjoe_overflow_tiny_flanked, uniq_natasha
D:4:      layout_gridville, serial_shops, nicolae_shop_hallway_stairs,
          grunt_ministairs_12, amcnicky_mini_corridor_feature, uniq_pikel
D:5:      layout_basic, chequers_ossuary_entry_cave
D:6:      layout_rooms
D:7:      layout_loops_ring, temple_pool_b
D:8:      layout_basic, chequers_garden, nicolae_looking_at_the_future
D:9:      cheibrodos_barr_body, layout_cave_pools, serial_undead,
          serial_undead_b, serial_undead_e, serial_undead_f, serial_undead_d
D:10:     hangedman_cross_stitches, layout_loops_ring, david_lair_generic,
          serial_shops, shop, nicolae_stop_n_shop_1, uniq_erolcha
Temple:   hellmonk_temple_divided_pantheon

Skill      XL: |  1  2  3  4  5  6  7  8  9 10 11 |
---------------+----------------------------------+-----
Transmutations | 1 2 3 4 5 6 |  6.0
Fighting       | 4 5 7 8 10 | 10.9
Polearms       | 5 6 7 8 10 11 12 | 12.9
Dodging        | 5 6 7 8 10 11 12 | 12.9
Spellcasting   | 1 2 3 4 5 |  5.0

Action                     |  1- 3 |  4- 6 |  7- 9 | 10-12 || total
---------------------------+-------+-------+-------+-------++-------
  Melee: Spear             |   136 |    17 |       |       ||   153
         Trident           |       |   135 |   590 |   556 ||  1281
         Punch             |       |       |       |     2 ||     2
  Throw: Throwing net      |       |       |       |     1 ||     1
    Use: Scroll            |       |    10 |    11 |     8 ||    29
         Potion            |       |     1 |     5 |    15 ||    21
   Stab: Sleeping          |       |     2 |       |       ||     2
         Held in net/web   |       |       |       |     1 ||     1
 Armour: Robe              |    12 |    18 |   100 |     1 ||   131
         Ring mail         |       |       |       |    81 ||    81
  Dodge: Dodged            |    83 |    80 |   456 |   383 ||  1002
